[Event "Late-Titled-Tuesday-Blitz-December-26-2023"]
[Site "Chess.com"]
[Date "2023.12.26"]
[Round "11"]
[White "Veleamater"]
[Black "SEBAZZANO"]
[Result "1-0"]
[WhiteElo "2350"]
[BlackElo "2266"]
[TimeControl "180+1"]
[EndTime "16:03:05 PST"]
[Termination "Veleamater won on time"]

1. g3 Nf6 2. Bg2 g6 3. d3 Bg7 4.
e4 d6 5. Nc3 O-O 6. f4 c5 7.
Nf3 Nc6 8. O-O Rb8 9. h3 e5 10. g4 exf4 11. Bxf4 Ne8 12. Qd2 b5 13. Rab1 b4 14. Nd5 Be6 15. Bh6 Ne5 16. Bxg7 Nxg7 17.
Nxe5 Bxd5 18. Nxg6 Bxa2 19. Ra1 hxg6 20. Rxa2 b3 21.
cxb3 Rxb3 22. e5 dxe5 23. Rxa7 Rxd3 24. Qe2 Qd4+ 25. Kh1 Ne6 26. Qf2 Nf4 27. Qxd4 cxd4 28. Re7 f6 29. g5 Rf7 30. gxf6 Rxe7 31. fxe7 Kf7 32. Rb1 Rb3 33. Bf1 Kxe7 34. Bc4 Rxh3+ 35. Kg1 Rg3+ 36. Kf2 Rg2+ 37. Kf3 Rc2 38. Ba6 Kd6 39. b4 Kc6 40. Bf1 Kb6 41. Ke4 d3 42. Kxe5 d2 43. Rd1 Nh5 44. Bd3 Rb2 45. b5 Ng3 46. Kf4 Nh5+ 47. Kg5 Ng3 48. Kxg6 Rb3 49.
Bc4 Rc3 50. Be6 Ne4 51. Bf5 Nd6 52. Bd7 1-0

[Event "Late-Titled-Tuesday-Blitz-December-26-2023"]
[Site "Chess.com"]
[Date "2023.12.26"]
[Round "11"]
[White "Szparu"]
[Black "DanielNaroditsky"]
[Result "0-1"]
[WhiteElo "2903"]
[BlackElo "3103"]
[TimeControl "180+1"]
[EndTime "16:03:06 PST"]
[Termination "DanielNaroditsky won on time"]

1. e4 c5 2. c3 d6 3. d4 Nf6 4. Bd3 Nc6 5. Nf3 Bg4 6. d5 Bxf3 7. Qxf3 Ne5 8. Bb5+ Ned7 9. c4 a6 10. Ba4 g6 11. Nc3 Bg7 12. O-O O-O 13. Qe2 b5 14.
cxb5 Nb6 15. bxa6 Nxa4 16. Nxa4 Qa5 17. Nc3 Nd7 18. Bg5 Rfe8 19. a4 h6 20. Bd2 Qxa6 21. Qxa6 Rxa6 22. Nb5 Rb8 23. Bc3 Bxc3 24. Nxc3 Rb4 25. f3 c4 26. Ra2 Nc5 27. Rfa1 Nb3 28. Rd1 Ra5 29. Kf1 Nc5 30. Rda1 Nb3 31. Rd1 Kg7 32. Ke2 f5 33. exf5 gxf5 34. f4 Nc5 35. Kf3 Rb3 36. Rd4 Nxa4 37. Rxc4 Nxb2 0-1

[Event "Late-Titled-Tuesday-Blitz-December-26-2023"]
[Site "Chess.com"]
[Date "2023.12.26"]
[Round "11"]
[White "Byniolus"]
[Black "Mikhail_Golubev"]
[Result "1-0"]
[WhiteElo "2810"]
[BlackElo "2625"]
[TimeControl "180+1"]
[EndTime "16:03:06 PST"]
[Termination "Byniolus won on time"]

1. d4 Nf6 2. Nf3 d6 3. Bf4 Nbd7 4. h3 g6 5. e3 Bg7 6. Be2 O-O 7. O-O b6 8. Bh2 Bb7 9. c3 Ne4 10. a4 a5 11.
Nbd2 Ndf6 12. Qb3 Nxd2 13. Nxd2 Qd7 14. Bf3 Bxf3 15. Nxf3 e6 16. Rac1 Ne4 17. Rfd1 f5 18.
Nd2 Nf6 19. c4 Kh8 20. c5 bxc5 21. dxc5 Rfb8 22. Qa3 d5 23. c6 Qd8 24. Be5 Rb4 25. Bc3 Rb6 26. Bd4 Rb4 27. Nf3 Rab8 28. Ng5 Qe8 29.
Qc3 Rc4 30. Qxa5 Rxc6 31. b4 Rxc1 32. Rxc1 h6 33. Nf3 Ra8 34. Qxc7 Rxa4 35. Qb7 Ra8 36. Rc7 Rb8 37. Rxg7 Rxb7 38. Rxb7 Qd8 39. Ne5 Qc8 40. Nxg6+ 1-0

[Event "Late-Titled-Tuesday-Blitz-December-26-2023"]
[Site "Chess.com"]
[Date "2023.12.26"]
[Round "11"]
[White "FontVella8"]
[Black "h4parah5"]
[Result "0-1"]
[WhiteElo "2794"]
[BlackElo "2939"]
[TimeControl "180+1"]
[EndTime "16:03:09 PST"]
[Termination "h4parah5 won on time"]

1. c4 e6 2. g3 d5 3. Bg2 d4 4. Nf3 Nf6 5. O-O c5 6. e3 Nc6 7.
exd4 cxd4 8. d3 Bd6 9. Na3 O-O 10. Nc2 e5 11. b4 h6 12. c5 Bc7 13. Re1 a6 14. a4 Re8 15. b5 axb5 16. axb5 Rxa1 17.
Nxa1 Nb4 18. Qb3 Nbd5 19. Bd2 Bf5 20. Nc2 Nc3 21. b6 Bb8 22. Bxc3 dxc3 23. Nh4 Bxd3 24. Bxb7 e4 25. Ng2 Ng4 26. Bd5 Ne5 27. Nce3 Nf3+ 28.
Kh1 Nxe1 29. Nxe1 Qe7 30. c6 Be5 31. c7 Bxc7 32. bxc7 Qxc7 33. Bc4 Bxc4 34. Nxc4 Rb8 35.
Qa2 Qd7 36. Ne3 Qd2 0-1

[Event "Late-Titled-Tuesday-Blitz-December-26-2023"]
[Site "Chess.com"]
[Date "2023.12.26"]
[Round "11"]
[White "MightyGMpretender"]
[Black "anasta10"]
[Result "1-0"]
[WhiteElo "2757"]
[BlackElo "2614"]
[TimeControl "180+1"]
[EndTime "16:03:11 PST"]
[Termination "MightyGMpretender won by resignation"]

1. Nf3 Nf6 2. d4 g6 3. Bf4 d6 4. e3 Bg7 5. h3 O-O 6. Be2 b6 7. O-O Bb7 8. Nc3 Nbd7 9. a4 a5 10. Bh2 Qe8 11. Nb5 Rc8 12. Na7 Ra8 13. Nb5 Rc8 14.
Re1 e5 15. Bf1 Qe7 16. c3 h6 17. b4 Nh7 18. Nd2 c6 19. Na3 Ra8 20. Nac4 d5 21.
Nxe5 Nxe5 22. dxe5 Bxe5 23. Bxe5 Qxe5 24. Qb3 Bc8 25. Nf3 Qd6 26. Nd4 Bd7 27. Rad1 Nf6 28. Bd3 c5 29. Nb5 Qe5 30. Bf1 axb4 31. cxb4 c4 32.
Qc3 Qxc3 33. Nxc3 Bxa4 34. Rd2 Bc6 35. b5 Bb7 36. g4 Ra3 37. Rc1 Rfa8 38. Bg2 Ra1 39.
Rxa1 Rxa1+ 40. Kh2 Rc1 41. Ne2 Rb1 42. Nd4 Kg7 43.
Ra2 Ne4 44. Ra7 Bc8 45. Bxe4 dxe4 46. Rc7 Be6 47. Nxe6+ Kf6 48. Nd4 Rb2 49. Kg3 Ke5 50. Rxc4 f5 51. gxf5 gxf5 52. Rc6 Kd5 53. Rf6 Kc5 54.
Rxf5+ 1-0

[Event "Late-Titled-Tuesday-Blitz-December-26-2023"]
[Site "Chess.com"]
[Date "2023.12.26"]
[Round "11"]
[White "GABUZYAN_CHESSMOOD"]
[Black "MITerryble"]
[Result "1-0"]
[WhiteElo "2918"]
[BlackElo "3013"]
[TimeControl "180+1"]
[EndTime "16:03:12 PST"]
[Termination "GABUZYAN_CHESSMOOD won on time"]

1. e4 e6 2. d4 d5 3. Nc3 Nf6 4. Bg5 Bb4 5. exd5 Qxd5 6. Bxf6 Bxc3+ 7. bxc3 gxf6 8. Qg4 Qa5 9. Ne2 Ke7 10. f3 Bd7 11. Kf2 Bb5 12. Qh5 Nc6 13. Qc5+ Ke8 14. a4 Ba6 15. Qa3 Rg8 16. Ng3 Bxf1 17. Rhxf1 Qg5 18. Kg1 h5 19. Rf2 f5 20. f4 Qg6 21.
d5 h4 22. dxc6 hxg3 23. hxg3 bxc6 24. Qc5 Rd8 25. Qxc6+ Kf8 26. Qxc7 Kg7 27. Qxa7 Rh8 28. Qe3 Qh6 29. Rff1 Kg6 30. a5 Qh1+ 31. Kf2 Qh5 32. a6 Ra8 33. a7 Qh6 34. Qf3 Qf8 35. Rfb1 Qc5+ 36. Qe3 Qc6 37. Rb6 Qc7 38. Raa6 Rhe8 39. g4 fxg4 40. Rb5 1-0

[Event "Late-Titled-Tuesday-Blitz-December-26-2023"]
[Site "Chess.com"]
[Date "2023.12.26"]
[Round "11"]
[White "Predator0608"]
[Black "ozates"]
[Result "0-1"]
[WhiteElo "2544"]
[BlackElo "2621"]
[TimeControl "180+1"]
[EndTime "16:03:14 PST"]
[Termination "ozates won on time"]

1. f4 c5 2. Nf3 Nc6 3. g3 g6 4.
Bg2 Bg7 5. O-O d6 6. e4 e6 7. g4 Nge7 8. d3 b6 9. Nc3 Bb7 10.
Ne2 Qd7 11. c3 f5 12. gxf5 exf5 13. Ng3 O-O 14. Bh3 d5 15. e5 d4 16. c4 Nd8 17.
Bg2 Ne6 18. Ne1 b5 19. b3 a5 20. Bd2 a4 21. h4 bxc4 22. bxc4 h6 23. Bh3 Bc6 24. h5 Nc7 25. hxg6 Qe6 26. Kh2 Nxg6 27. Rg1 Kh7 28. Qh5 Be8 29. Qf3 Rb8 30. Ng2 Rb2 31.
Bc1 Nh4 32. Qf1 Rc2 33. Kh1 Bc6 34. Rb1 Qg6 35. Ne2 Rxe2 36. Qxe2 Qg3 0-1

[Event "Late-Titled-Tuesday-Blitz-December-26-2023"]
[Site "Chess.com"]
[Date "2023.12.26"]
[Round "11"]
[White "Tunahan_Makaraci"]
[Black "KNVB"]
[Result "0-1"]
[WhiteElo "2501"]
[BlackElo "2679"]
[TimeControl "180+1"]
[EndTime "16:03:18 PST"]
[Termination "KNVB won by resignation"]

1. e4 b6 2. g3 Bb7 3. Bg2 e6 4. d4 Nf6 5. Nd2 c5 6. c3 cxd4 7. cxd4 Nc6 8. Ne2 h5 9. h3 Rc8 10. O-O g5 11. Nb3 g4 12. h4 Ne7 13. Nc3 Rxc3 14. bxc3 Nxe4 15. Qc2 Qa8 16. Nd2 Nxg3 17. Bxb7 Ne2+ 18. Kh2 Qb8+ 19. Kg2 Qxb7+ 20. Qe4 Nf4+ 21. Kg3 Qb8 22. Qe5 Qa8 23. Qxf4 Nf5+ 24. Kh2 Bd6 25.
Qxd6 Nxd6 26. Ba3 Ne4 27. Nxe4 Qxe4 28. Bd6 Qf3 29. Bg3 f5 30. Rac1 f4 31. Rce1 Rf8 32. Kg1 fxg3 33. fxg3 Qxg3+ 34. Kh1 Qh3+ 35. Kg1 Rxf1+ 36.
Rxf1 g3 37. Rf8+ Kxf8 0-1

[Event "Late-Titled-Tuesday-Blitz-December-26-2023"]
[Site "Chess.com"]
[Date "2023.12.26"]
[Round "11"]
[White "bazar-wokzal"]
[Black "prime-morty"]
[Result "1-0"]
[WhiteElo "2672"]
[BlackElo "2577"]
[TimeControl "180+1"]
[EndTime "16:03:19 PST"]
[Termination "bazar-wokzal won by resignation"]

1. e4 d6 2. f4 Nf6 3. Nc3 e5 4. Nf3 Be7 5. Bc4 O-O 6. d3 c6 7. fxe5 dxe5 8. Nxe5 b5 9. Bb3 Bc5 10. Rf1 Bd6 11. Nxf7 Rxf7 12. Bxf7+ Kxf7 13. Bg5 Be5 14. Bxf6 gxf6 15. Qh5+ Kg7 16. O-O-O b4 17. d4 Bxd4 18.
Ne2 Be3+ 19. Kb1 Qe7 20. Rf3 Bg5 21. h4 Be6 22. hxg5 fxg5 23. Nd4 Nd7 24. Qxg5+ Qxg5 25. Nxe6+ Kg6 26. Nxg5 Ne5 27. Rf5 Nc4 28. b3 Na3+ 29.
Kb2 Nb5 30. Nf7 Re8 31. Nd6 Rd8 32. Nxb5 Rxd1 33. Nxa7 Rd6 34. Rc5 h5 35. Rxc6 Rxc6 36.
Nxc6 Kg5 37. Nxb4 Kg4 38. e5 Kf5 39. Nd3 h4 40. a4 1-0

[Event "Late-Titled-Tuesday-Blitz-December-26-2023"]
[Site "Chess.com"]
[Date "2023.12.26"]
[Round "11"]
[White "liczner"]
[Black "GP9isback23"]
[Result "1-0"]
[WhiteElo "2924"]
[BlackElo "2643"]
[TimeControl "180+1"]
[EndTime "16:03:20 PST"]
[Termination "liczner won by resignation"]

1. e4 c6 2. d4 d5 3. exd5 cxd5 4. Bd3 Nc6 5. c3 Qc7 6. Ne2 e6 7. O-O Bd6 8. h3 Bd7 9. Nd2 Nf6 10. Nf3 O-O 11. Bg5 Ne4 12. Be3 f5 13. Ne1 Rae8 14.
f3 Nf6 15. Qd2 a6 16. f4 Ne4 17. Qc2 h6 18. Nf3 Qd8 19. Kh2 g5 20. Ne5 Nxe5 21. dxe5 Bc7 22. c4 Bc6 23. Nd4 Qd7 24. Nxc6 bxc6 25.
Rac1 d4 26. Rcd1 c5 27. Bxe4 fxe4 28. Qxe4 Qg7 29. Bd2 gxf4 30. Rde1 Rf5 31. Bxf4 Ref8 32. Rf3 Kh7 33. g4 Qg6 34. gxf5 Rxf5 35. Rg1 Qf7 36. Bg3 Kh8 37. Rxf5 exf5 38. Qf4 Bd8 39. Qxh6+ 1-0

[Event "Late-Titled-Tuesday-Blitz-December-26-2023"]
[Site "Chess.com"]
[Date "2023.12.26"]
[Round "11"]
[White "IranianCheetah"]
[Black "dmarcolino"]
[Result "1-0"]
[WhiteElo "2359"]
[BlackElo "2167"]
[TimeControl "180+1"]
[EndTime "16:03:20 PST"]
[Termination "IranianCheetah won by resignation"]

1. e4 c6 2. d4 d5 3. Nd2 dxe4 4. Nxe4 Nd7 5. Nf3 Ngf6 6. Ng3 e6 7. c3 Be7 8. Bd3 O-O 9. O-O c5 10. Re1 b6 11. Ne5 Bb7 12. Qe2 cxd4 13. cxd4 Rc8 14. Bd2 Nd5 15. a3 N7f6 16. h4 h6 17. Rad1 Qd6 18.
Ne4 Nxe4 19. Qxe4 f5 20. Qe2 Rf6 21. g4 fxg4 22. Nxg4 Rf7 23. Qe4 Bxh4 24. Qh7+ Kf8 25. Ne5 Bxf2+ 26. Kh2 Bxe1 27. Rxe1 Nf6 28. Qh8+ Ke7 29.
Bb4 Qxb4 30. Qxc8 Qxe1 31. Qxb7+ Ke8 32. Qc8+ Ke7 33. Qc7+ Ke8 34. Bb5+ Nd7 35. Bxd7+ Rxd7 36. Qxd7+ 1-0

[Event "Late-Titled-Tuesday-Blitz-December-26-2023"]
[Site "Chess.com"]
[Date "2023.12.26"]
[Round "11"]
[White "BeardedNM"]
[Black "Inepton_Fermion"]
[Result "0-1"]
[WhiteElo "2176"]
[BlackElo "2405"]
[TimeControl "180+1"]
[EndTime "16:03:22 PST"]
[Termination "Inepton_Fermion won on time"]

1. e4 g6 2. d4 Bg7 3. Nc3 d5 4. exd5 Nf6 5. Bb5+ Nbd7 6. Nf3 O-O 7. O-O a6 8. Ba4 b5 9. Bb3 Nb6 10. Re1 Bb7 11. Ne5 Nbxd5 12. a4 b4 13. Nxd5 Nxd5 14. a5 Rc8 15. Bd2 Qd6 16. Nc4 Qf6 17. Ne3 Qxd4 18.
Nxd5 Bxd5 19. Bxd5 Qxd5 20. Bxb4 Qxd1 21. Raxd1 Bxb2 22.
Rxe7 Bf6 23. Red7 Rfd8 24. Rxd8+ Rxd8 25. Rxd8+ Bxd8 26. Kf1 c5 27. Bxc5 Bxa5 28. Ke2 f5 29.
Kd3 Kf7 30. Kc4 Ke6 31. Bd4 Kd6 32. f4 Kc6 33. Be5 Bb6 34. Kb4 Kd5 35. c4+ Kc6 36. Bf6 Bc7 37. g3 Bb6 38. h3 Bf2 39. g4 fxg4 40.
hxg4 h5 41. gxh5 gxh5 0-1

[Event "Late-Titled-Tuesday-Blitz-December-26-2023"]
[Site "Chess.com"]
[Date "2023.12.26"]
[Round "11"]
[White "DishonorOnYourCow"]
[Black "ccccvhhhj"]
[Result "1-0"]
[WhiteElo "2565"]
[BlackElo "2493"]
[TimeControl "180+1"]
[EndTime "16:03:24 PST"]
[Termination "DishonorOnYourCow won by resignation"]

1. d4 e5 2. dxe5 d6 3. exd6 Bxd6 4. Nc3 Nc6 5. e4 Qe7 6. Nf3 Bg4 7. Be2 O-O-O 8.
Nd5 Qxe4 9. O-O Bxh2+ 10. Kxh2 Rxd5 11. Qe1 Nf6 12. Be3 Re8 13. Rd1 Be6 14. Rxd5 Ng4+ 15. Kg1 Nxe3 16. Rd3 Nxf1 17. Qxf1 Ne5 18. Re3 Nxf3+ 19.
Bxf3 Qb4 20. b3 g5 21. Qe2 g4 22. Bd5 a6 23. Bxe6+ Rxe6 24. Rxe6 fxe6 25. Qxe6+ Kb8 26. Qg8+ Ka7 27. Qxh7 Qe1+ 28. Kh2 Qxf2 29. Qe4 Qh4+ 30. Kg1 Qh5 31. Qd4+ Kb8 32. Qd8+ Ka7 33. Qxc7 Qh4 34. Qc5+ Ka8 35. Qf8+ Ka7 36. Qf2+ Qxf2+ 37. Kxf2 Kb6 38.
Kg3 Kc5 39. Kxg4 Kd4 40. Kf5 Kc3 41. g4 Kxc2 42. g5 Kb2 43. g6 Kxa2 44. g7 Kxb3 45. g8=Q+ Kb4 46. Qa8 b5 47. Qxa6 Kc4 48. Ke4 1-0

[Event "Late-Titled-Tuesday-Blitz-December-26-2023"]
[Site "Chess.com"]
[Date "2023.12.26"]
[Round "11"]
[White "RebecaJimnz"]
[Black "rdarruda"]
[Result "1-0"]
[WhiteElo "2307"]
[BlackElo "2499"]
[TimeControl "180+1"]
[EndTime "16:03:24 PST"]
[Termination "RebecaJimnz won by resignation"]

1. e4 Nc6 2. d4 b6 3. Nf3 e6 4. Nc3 Bb7 5. Be3 d5 6. e5 Nge7 7. Ne2 Nf5 8. Bf4 Be7 9. c3 g5 10. Bc1 g4 11. Nd2 h5 12. Ng3 h4 13. Nxf5 exf5 14. Bd3 Qd7 15. Nb3 O-O-O 16. Bf4 Rh5 17. Qe2 Rg8 18. O-O-O Nd8 19. Kb1 Kb8 20. Ba6 Ne6 21. Bc1 f4 22. Bxb7 Kxb7 23. c4 Qc6 24. cxd5 Qxd5 25. h3 f3 26. gxf3 gxf3 27. Qd3 Rg2 28.
Be3 Bg5 29. Nd2 Bxe3 30. fxe3 Rhg5 31. e4 Qxd4 32. Nxf3 Qxd3+ 33. Rxd3 R5g3 34. Nxh4 Rxd3 35. Nxg2 Rd2 36. Nf4 Nxf4 37. Rf1 Nd3 38. Rxf7 Kc6 39. e6 Rxb2+ 40. Ka1 Re2 41. Kb1 Rxe4 42. Kc2 Nc5 43. e7 Kb7 44. h4 Nd7 45. h5 Kc6 46. h6 Kd6 47. h7 Rh4 48. e8=Q Rh2+ 49. Kd3 Ne5+ 50.
Ke3 Nxf7 51. Qxf7 Rh3+ 52. Kf2 Rh4 53. Qf6+ 1-0

[Event "Late-Titled-Tuesday-Blitz-December-26-2023"]
[Site "Chess.com"]
[Date "2023.12.26"]
[Round "11"]
[White "AkatsukiLogHorizon"]
[Black "thechesscorner64"]
[Result "1-0"]
[WhiteElo "2261"]
[BlackElo "2433"]
[TimeControl "180+1"]
[EndTime "16:03:25 PST"]
[Termination "AkatsukiLogHorizon won by resignation"]

1. e4 c5 2. Nf3 e6 3. d4 cxd4 4. Nxd4 a6 5. Nc3 b5 6. Bd3 Qb6 7. Be3 Bc5 8. Be2 Nc6 9. Nxc6 Qxc6 10. Bxc5 Qxc5 11. Bf3 Bb7 12. O-O Ne7 13. Qd2 Rd8 14. Rfd1 d6 15. Ne2 O-O 16. c3 Ng6 17. Qd4 Qc7 18.
Ng3 Ne5 19. Be2 g6 20. f4 Nc6 21. Qe3 Na5 22. f5 Qc5 23. Qxc5 dxc5 24. fxe6 fxe6 25. Bg4 e5 26. Be6+ Kg7 27. b3 Nc6 28. Bd5 Rd6 29. Bxc6 Rxc6 30. Rd7+ Rf7 31. Rad1 Rc7 32.
Rxc7 Rxc7 33. Kf2 h5 34. Ke3 Rf7 35. Ne2 Rc7 36. g3 Kf7 37. Rd6 b4 38. c4 a5 39.
Nc1 a4 40. Nd3 axb3 41. axb3 g5 42. Nxe5+ Ke7 43. Rg6 g4 44. Rg7+ Kd6 45. Rxc7 Kxc7 46. Kf4 Kd6 47. Nd3 Bc8 48. Kg5 Bb7 49. e5+ Ke6 50. Nxc5+ Kxe5 51. Nxb7 Kd4 52. Na5 Kc3 53. c5 1-0

[Event "Late-Titled-Tuesday-Blitz-December-26-2023"]
[Site "Chess.com"]
[Date "2023.12.26"]
[Round "11"]
[White "Petukhov_Dmitry"]
[Black "Alex_Banzea"]
[Result "1-0"]
[WhiteElo "2499"]
[BlackElo "2611"]
[TimeControl "180+1"]
[EndTime "16:03:27 PST"]
[Termination "Petukhov_Dmitry won by resignation"]

1. e4 c6 2. d4 d5 3. Nd2 dxe4 4.
Nxe4 Nf6 5. Nxf6+ exf6 6. c3 Bd6 7. Bd3 O-O 8. Qh5 Re8+ 9. Ne2 g6 10. Qh4 Nd7 11. O-O Nf8 12. Re1 Ne6 13. Nf4 f5 14. Qxd8 Rxd8 15. Nxe6 Bxe6 16. b3 c5 17. Bc4 Bxc4 18.
bxc4 cxd4 19. cxd4 Bb4 20. Rd1 Bc3 21. Rb1 Bxd4 22.
Bg5 f6 23. Be3 Bxe3 24. fxe3 b6 25. Kf2 Kf7 26. c5 Rxd1 27. Rxd1 bxc5 28. Rd7+ Ke6 29. Rxh7 Kd5 30. Rf7 Ke6 31. Rb7 Kd6 32. Ke2 Ke6 33.
Kd3 Rd8+ 34. Kc3 Rh8 35. h3 Ke5 36. Rxa7 Ke4 37. Re7+ Kd5 38. Rf7 Ra8 39. Rxf6 Rxa2 40. Rxg6 Ke4 41. Re6+ Kd5 42. Rg6 Ke4 43. Rg3 Ra4 44. Rf3 Ra3+ 45. Kc4 Ra5 46. h4 Ke5 47. h5 Ra4+ 48. Kxc5 Rh4 49. Rh3 Rxh3 50. gxh3 Kf6 51. Kd5 Kg5 52. Ke5 1-0

[Event "Late-Titled-Tuesday-Blitz-December-26-2023"]
[Site "Chess.com"]
[Date "2023.12.26"]
[Round "11"]
[White "GiorgianBarbosa"]
[Black "lefonghua"]
[Result "0-1"]
[WhiteElo "2497"]
[BlackElo "2658"]
[TimeControl "180+1"]
[EndTime "16:03:27 PST"]
[Termination "lefonghua won by checkmate"]

1. c4 Nf6 2. g3 g6 3. Nc3 Bg7 4. Bg2 O-O 5. e3 c5 6. Nge2 Nc6 7. O-O d6 8. b3 Rb8 9. Bb2 a6 10. d4 cxd4 11. Nxd4 Nxd4 12. Qxd4 b5 13. cxb5 axb5 14. Nd5 Be6 15. Qd2 Bxd5 16. Bxd5 Nxd5 17. Bxg7 Kxg7 18. Qxd5 b4 19. a3 bxa3 20. Rxa3 Rb4 21. Ra4 Qb6 22.
Rxb4 Qxb4 23. Rc1 e6 24. Qd3 Rb8 25. h4 d5 26. Rb1 h5 27. Qc2 Rb7 28. Qc8 Qb6 29.
Qc3+ f6 30. b4 Rc7 31. Qa3 Rc4 32. b5 Rc5 33. Qb4 e5 34. Qb2 d4 35. exd4 exd4 36. Kg2 Rd5 37. Qb3 Qb7 38. Kg1 d3 39. b6 d2 40. Rd1 Re5 41. f3 Re2 42. Kf1 Qa6 43. b7 Re1+ 44. Kf2 Qe2# 0-1

[Event "Late-Titled-Tuesday-Blitz-December-26-2023"]
[Site "Chess.com"]
[Date "2023.12.26"]
[Round "11"]
[White "karinachess1"]
[Black "Grindaveci"]
[Result "1-0"]
[WhiteElo "2575"]
[BlackElo "2408"]
[TimeControl "180+1"]
[EndTime "16:03:29 PST"]
[Termination "karinachess1 won by resignation"]

1. d4 d5 2. c4 e6 3. Nc3 c6 4. e3 Nf6 5. Nf3 Nbd7 6. Bd3 dxc4 7. Bxc4 b5 8. Bd3 Bd6 9. O-O O-O 10. h3 Bb7 11. e4 e5 12. dxe5 Nxe5 13. Nxe5 Bxe5 14.
f4 Bd4+ 15. Kh2 b4 16. Na4 c5 17. e5 Nd5 18. Qe2 Qd7 19. Qc2 g6 20. Nxc5 Bxc5 21. Qxc5 Nxf4 22. Bxf4 Qxd3 23. Qxb4 Rab8 24. Qd2 Rbd8 25.
Rad1 Qe4 26. Qf2 Rxd1 27. Rxd1 Rc8 28. Rd2 Rc4 29. Bg3 Rc8 30. Qf6 a5 31. Rf2 Bd5 32. Qg5 Rc2 33. Rxc2 Qxc2 34. Qd8+ Kg7 35. Qxd5 Qxb2 36.
Qb3 Qd4 37. Qf3 Qd2 38. Qb3 Qd4 39. a4 Qe4 40. Qb5 Qa8 41. Be1 Qd8 42. Qxa5 Qg5 43.
Bg3 h5 44. Qb4 Qe3 45. Qf4 Qb6 46. Qf6+ Qxf6 47. exf6+ Kxf6 48. a5 1-0

[Event "Late-Titled-Tuesday-Blitz-December-26-2023"]
[Site "Chess.com"]
[Date "2023.12.26"]
[Round "11"]
[White "GoValya"]
[Black "Dewarfd"]
[Result "1-0"]
[WhiteElo "2284"]
[BlackElo "2109"]
[TimeControl "180+1"]
[EndTime "16:03:29 PST"]
[Termination "GoValya won on time"]

1. e4 c5 2. c3 d5 3. exd5 Qxd5 4. Nf3 Bg4 5. Be2 Nc6 6. O-O Rd8 7. c4 Qd7 8. Nc3 e6 9. d3 Be7 10. Be3 Nf6 11.
a3 Bxf3 12. Bxf3 Qxd3 13. Qa4 O-O 14. Rad1 Qg6 15. Bxc6 bxc6 16. Qxc6 Ng4 17. Bf4 Rxd1 18. Rxd1 Qc2 19. Qf3 Qxb2 20. Rc1 Ne5 21. Qg3 Ng6 22. Be3 Bf6 23. Ne4 Be5 24. Qf3 Qxa3 25. Rf1 Bd4 26. Bxd4 cxd4 27. Qxa3 Nf4 28. Nd6 g5 29.
Kh1 h5 30. Ne4 f6 31. Qd6 Rf7 32. Qxd4 Ne2 33. Qe3 Nf4 34. Qc3 Kg7 35. Nxg5 Kg6 36.
Nxf7 1-0

[Event "Late-Titled-Tuesday-Blitz-December-26-2023"]
[Site "Chess.com"]
[Date "2023.12.26"]
[Round "11"]
[White "Sanyura"]
[Black "Anar_Aliakbarov"]
[Result "0-1"]
[WhiteElo "2600"]
[BlackElo "2556"]
[TimeControl "180+1"]
[EndTime "16:03:30 PST"]
[Termination "Anar_Aliakbarov won by checkmate"]

1. e4 e5 2. Nf3 Nc6 3. Bb5 a6 4. Ba4 Nf6 5. O-O Nxe4 6. d4 Be7 7. d5 Nc5 8. Bb3 Nxb3 9. axb3 Nb8 10. Nxe5 O-O 11. c4 d6 12. Nd3 Bf5 13. Nc3 Nd7 14.
Qf3 Bg6 15. Bd2 Bf6 16. Rfe1 Re8 17. Nf4 Nc5 18. Nxg6 hxg6 19. Rxe8+ Qxe8 20. Re1 Qd7 21. b4 Nb3 22. Bf4 Re8 23. Rxe8+ Qxe8 24. h3 Qe1+ 25.
Kh2 g5 26. Be3 Be5+ 27. g3 Bxc3 28. bxc3 Qxc3 29. Qf5 Qxc4 30. Qc8+ Kh7 31. Qf5+ Kg8 32. Qxg5 Qxb4 33. h4 Qe4 34. h5 Nd4 35. Qd8+ Kh7 36. Qxc7 Nf3+ 37. Kh3 Ng1+ 38. Kh2 Nf3+ 39. Kh3 Ne5 40.
Qxd6 Qh1# 0-1

[Event "Late-Titled-Tuesday-Blitz-December-26-2023"]
[Site "Chess.com"]
[Date "2023.12.26"]
[Round "11"]
[White "miraitrunks"]
[Black "morte-negra"]
[Result "0-1"]
[WhiteElo "2068"]
[BlackElo "2009"]
[TimeControl "180+1"]
[EndTime "16:03:31 PST"]
[Termination "morte-negra won by resignation"]

1. e4 c5 2. c3 g6 3. d4 cxd4 4. cxd4 d5 5. exd5 Nf6 6. Bb5+ Nbd7 7. Nc3 Bg7 8. Nf3 O-O 9. O-O Nb6 10. Re1 Nbxd5 11.
Bc4 Nb6 12. Bb3 e6 13. Bf4 a6 14. Qd2 Re8 15. Bh6 Bh8 16. Ne5 Nfd5 17. Ne4 Bd7 18.
Rac1 Bb5 19. Nc5 Rb8 20. a4 Bc6 21. a5 Nd7 22. Nxc6 bxc6 23. Bxd5 cxd5 24. Nxa6 Rc8 25.
Nc5 Nxc5 26. dxc5 Qc7 27. b4 Rb8 28. a6 Qc6 29. Ra1 Ra8 30. Be3 Rxa6 31. Rxa6 Qxa6 32. Bd4 e5 33. Bb2 d4 34. f4 Qc4 35. fxe5 Bxe5 36.
g3 f6 37. Kg2 d3 38. Bxe5 Rxe5 39. Rc1 Qd5+ 40. Kh3 Re2 41. Qf4 Qh5+ 42. Qh4 Qf5+ 43.
Qg4 Rxh2+ 44. Kxh2 Qxg4 45. c6 Qe2+ 46. Kh3 d2 47. Rc2 Qe6+ 48. Kh2 d1=Q 49. c7 Qxc2+ 0-1

[Event "Late-Titled-Tuesday-Blitz-December-26-2023"]
[Site "Chess.com"]
[Date "2023.12.26"]
[Round "11"]
[White "Grammnik"]
[Black "MasterofMasters2006"]
[Result "1-0"]
[WhiteElo "2234"]
[BlackElo "2101"]
[TimeControl "180+1"]
[EndTime "16:03:37 PST"]
[Termination "Grammnik won by checkmate"]

1. d4 Nf6 2. Nf3 d5 3. c4 e6 4.
Nc3 Be7 5. e3 O-O 6. Be2 b6 7.
O-O dxc4 8. Bxc4 Bb7 9. Qe2 Nbd7 10. Rd1 Rc8 11. Ba6 Rb8 12. Bxb7 Rxb7 13. Bd2 c5 14. e4 cxd4 15. Nxd4 Bc5 16. Nb3 Qe7 17. Bg5 h6 18.
Bh4 Ne5 19. Bg3 Ng6 20. Nxc5 Qxc5 21. Bd6 Qc8 22. Bxf8 Qxf8 23. g3 Qb4 24. Rd2 Ne5 25. Rad1 Kh7 26. h3 Rd7 27. Rxd7 Nexd7 28. e5 Nd5 29.
Nxd5 exd5 30. Rxd5 Nc5 31. Qc2+ g6 32. Qd2 Qe4 33.
b4 Ne6 34. Rd7 Kg7 35. Rxa7 Qxe5 36. a4 h5 37. Qe3 Qa1+ 38. Kh2 Qb2 39. Qxb6 Ng5 40.
Rd7 Nf3+ 41. Kg2 Ne1+ 42. Kf1 Nf3 43. Qe3 Qb1+ 44. Kg2 Ne1+ 45. Kh2 Nc2 46. Qe5+ Kh6 47. Qh8+ Kg5 48. h4+ Kg4 49. Qf6 Qe1 50. f3# 1-0

[Event "Late-Titled-Tuesday-Blitz-December-26-2023"]
[Site "Chess.com"]
[Date "2023.12.26"]
[Round "11"]
[White "Zampronha1971"]
[Black "BestestBP"]
[Result "0-1"]
[WhiteElo "2316"]
[BlackElo "2213"]
[TimeControl "180+1"]
[EndTime "16:03:37 PST"]
[Termination "BestestBP won by resignation"]

1. e4 e5 2. Nf3 Nc6 3. d4 exd4 4. Nxd4 Nf6 5. Nxc6 bxc6 6. e5 Qe7 7. Qe2 Nd5 8.
c4 Nb6 9. Nc3 Qe6 10. Qe4 Bb4 11. Bd2 Ba6 12. b3 Bxc3 13. Bxc3 d5 14. Qh4 dxc4 15.
Be2 Nd5 16. Bxc4 Bxc4 17. Qxc4 Nxc3 18. Qxc3 O-O 19. O-O Rfe8 20. Rfe1 Rad8 21. Rac1 Qf5 22. Qxc6 h6 23. Qxc7 Rd2 24. Rf1 Rxa2 25. Rc5 Re6 26.
Ra5 Rc2 27. Qxa7 Rg6 28. Re1 Qg5 29. Qa8+ Kh7 30. Qe4 Qd2 31. Raa1 Qxf2+ 32. Kh1 Rb2 33. Rf1 Qxg2+ 34. Qxg2 Rgxg2 35. Rxf7 Rxh2+ 36. Kg1 Rbg2+ 37. Kf1 Rg5 38. Rf2 Rh1+ 39. Ke2 Rxa1 40. Rf3 Rxe5+ 41. Kd3 Ra3 42. Kc4 Re7 43. Kb4 Raa7 44. Kc3 Rab7 45. Kb2 Rec7 46. Rd3 Rb6 47. Re3 Rcb7 48. Rf3 h5 49.
Rh3 Rxb3+ 50. Rxb3 Rxb3+ 51. Kxb3 h4 52. Kc2 h3 53.
Kd2 h2 54. Ke2 h1=Q 55. Kf2 Qh6 0-1

[Event "Late-Titled-Tuesday-Blitz-December-26-2023"]
[Site "Chess.com"]
[Date "2023.12.26"]
[Round "11"]
[White "djano"]
[Black "YouShallNotPass001"]
[Result "1-0"]
[WhiteElo "2648"]
[BlackElo "2496"]
[TimeControl "180+1"]
[EndTime "16:03:38 PST"]
[Termination "djano won on time"]

1. c4 Nf6 2. Nc3 e5 3. e3 Bb4 4. g4 Bxc3 5. bxc3 d6 6. g5 Nfd7 7. h4 Nc6 8. Rb1 b6 9. d4 Bb7 10. Bg2 Na5 11. Bxb7 Nxb7 12. Nf3 Na5 13. c5 exd4 14.
cxd6 dxc3 15. Ba3 O-O 16. Rc1 c5 17. Rxc3 Re8 18. O-O Re6 19. Qd5 Rc8 20. e4 Qe8 21. Re1 f6 22. e5 Kh8 23. Rce3 f5 24. Bb2 Nf8 25. Rd1 Qc6 26. h5 Qxd5 27. Rxd5 Nc4 28. Re2 Nd7 29. Bc3 Kg8 30. g6 h6 31.
Nh4 Rf8 32. f4 b5 33. Kf2 Ncb6 34. Rd1 b4 35. Be1 a5 36. Rc1 c4 37. Rec2 c3 38. Bxc3 bxc3 39. Rxc3 Nd5 40. Rc4 Nxf4 41. Rxf4 Nxe5 42.
Nxf5 Nd3+ 43. Kg3 Nxf4 44. Kxf4 Rxd6 45. Rc7 1-0